 Dungeon Crawl Stone Soup version 0.16.1-51-g6203257 (webtiles) character file.

112 Jb9000 the Gusty (level 4, -4/33 HPs)
             Began as a Centaur Air Elementalist on July 2, 2015.
             Killed by divine providence
             ... invoked by an orc priest
              (7 damage)
             ... on level 3 of the Dungeon.
             The game lasted 00:25:57 (3551 turns).

Jb9000 the Gusty (Centaur Air Elementalist)         Turns: 3551, Time: 00:25:57

Health: -4/33      AC:  5    Str: 10    XL:     4   Next: 63%
Magic:  2/5        EV: 11    Int: 15    God:
Gold:   225        SH:  0    Dex: 10    Spells: 3 memorised, 0 levels left

rFire  . . .     SeeInvis .     q - +1 hunting sling (flame)
rCold  . . .     Clarity  .     a - +0 robe
rNeg   . . .     SustAb   .     (no shield)
rPois  +         Gourm    .     e - +0 hat
rElec  .         Spirit   .     i - +0 cloak
rCorr  .         Warding  .     (no gloves)
rMut   .         Stasis   .     (no barding)
MR     .....                    (no amulet)
Stlth  +.........               o - +1 ring of evasion
                                f - ring of poison resistance

@: very quick, not resistant to hostile enchantments, very unstealthy
A: hooves 3, deformed body, speed 2, tough skin 3
a: no special abilities


You were on level 3 of the Dungeon.
You were not hungry.

You visited 1 branch of the dungeon, and saw 4 of its levels.

You collected 225 gold pieces.

Inventory:

Hand weapons
 h - a +0 spear
 n - a cursed -1 spear
 q - a +1 hunting sling of flaming (weapon)
Missiles
 d - 20 poisoned needles
 m - 15 sling bullets (quivered)
 r - 55 arrows
 x - 2 stones
Armour
 a - a +0 robe (worn)
 e - a +0 hat (worn)
 i - a +0 cloak (worn)
 s - a +0 buckler
Jewellery
 f - a ring of poison resistance (left hand)
 o - a +1 ring of evasion (right hand)
 A - an uncursed ring of sustain abilities
Scrolls
 k - a scroll of immolation
 v - 2 scrolls of blinking {unknown}
 w - 2 scrolls of amnesia
 B - 2 scrolls of identify {unknown}
 E - a scroll of fog {unknown}
Potions
 j - 2 potions of curing {unknown}
 l - a potion of restore abilities {unknown}
 p - a potion of invisibility {unknown}
 t - 2 potions of flight {unknown}
 u - a potion of heal wounds {unknown}
 z - a potion of magic {unknown}
 C - a potion of lignification {unknown}
 F - a potion of brilliance {unknown}
Books
 b - a book of Air

   Spells                             Type                      Level
   a - Shock                          Conjuration/Air              1
   b - Swiftness                      Charms/Air                   2
   c - Repel Missiles                 Charms/Air                   2
   d - Flight                         Charms/Air                   3
   e - Static Discharge               Conjuration/Air              3
   f - Lightning Bolt                 Conjuration/Air              5
 y - Jessica's Collected Works on Sinister Secrets
   (You found it on level 2 of the Dungeon)

   Spells                             Type                      Level
   a - Sublimation of Blood           Necromancy                   2
Comestibles
 c - 3 bread rations
 g - 6 chunks of flesh
 D - a meat ration


   Skills:
 - Level 1.6 Slings
 + Level 1.8 Dodging
 + Level 2.0 Stealth
 + Level 1.9 Spellcasting
 + Level 1.4 Conjurations
 + Level 0.0 Necromancy
 + Level 3.4 Air Magic


You couldn't memorise any spells.
You knew the following spells:

 Your Spells              Type           Power        Failure   Level  Hunger
a - Shock                 Conj/Air       #...         12%         1    ##.....
b - Static Discharge      Conj/Air       #.......     30%         3    ####...
c - Sublimation of Blood  Necr           #.........   38%         2    ###....


Dungeon Overview and Level Annotations

Branches:
Dungeon (4/15)
 Temple: D:4-7

Altars:

Annotations:
D:3 Grinder; SaintRoka's ghost, average OgSk


Innate Abilities, Weirdness & Mutations

You have hooves in place of feet.
Armour fits poorly on your strangely shaped body.
You cover ground very quickly.
You have extremely tough skin (AC +3).


Message History

a club; a ring mail; an orc corpse You butcher the orc corpse.
g - 6 chunks of flesh (gained 3)
Things that are here:
a club; a ring mail The orc priest calls down the wrath of Beogh upon you.
Something smites you!
* * * LOW HITPOINT WARNING * * *
Things that are here:
a club; a ring mail There isn't anything to butcher here.
Casting: Shock
Confirm with . or Enter, or press ? or * to list all spells.
Aiming: Shock
Press: ? - help, Shift-Dir - straight line, f - orc priest
Aim: an orc priest, wielding a falchion (heavily wounded)
The zap misses the orc priest.
The orc priest mumbles some strange prayers to Beogh against you.
Something smites you!
You die...

#...#..^..# #.........#
#...#รท....# ###### #...#.....#
#....#### ###.#.....#
####.......# #####.#.....#
........... ###.....#.#####
..###.....########.......(.##
##.......##.).)@.....[......##
#..##.....o.########.........##
#.........### #####..##..#
#.###.##..######### ##..###.#
#.##..........# ##...# #.##
#.##.#........# #...## #..#
#.##.##.......####.#.#####..
..#..##.....................
.##...#............#.#######


You could see an orc priest.

Vanquished Creatures
  Jessica (D:2)
  An adder (D:2)
  A worm (D:3)
  4 giant geckos
  An ooze (D:2)
  3 orcs (D:3)
  A ball python (D:1)
  4 bats (D:1)
  4 giant cockroaches
  8 goblins
  8 hobgoblins
  3 quokkas
  6 giant newts
  14 kobolds
  12 rats
71 creatures vanquished.

Notes
Turn   | Place    | Note
--------------------------------------------------------------
     0 | D:1      | Jb9000, the Centaur Air Elementalist, began the quest for the Orb.
     0 | D:1      | Reached XP level 1. HP: 14/14 MP: 2/2
   355 | D:1      | Reached skill level 3 in Air Magic
   382 | D:1      | Reached XP level 2. HP: 20/20 MP: 0/3
  1427 | D:1      | Reached skill level 1 in Conjurations
  1427 | D:1      | Reached XP level 3. HP: 24/26 MP: 1/5
  1655 | D:2      | Learned a level 3 spell: Static Discharge
  2176 | D:2      | Reached skill level 1 in Slings
  2333 | D:2      | Noticed Jessica
  2340 | D:2      | Killed Jessica
  2340 | D:2      | Reached XP level 4. HP: 33/33 MP: 0/5
  2347 | D:2      | Identified Jessica's Collected Works on Sinister Secrets
  2359 | D:2      | Learned a level 2 spell: Sublimation of Blood
  2825 | D:3      | Noticed SaintRoka's ghost (average OgSk)
  3491 | D:3      | Noticed Grinder
  3551 | D:3      | Killed from afar by an orc priest

Action                   |  1- 3 |  4- 6 || total
-------------------------+-------+-------++-------
Melee: Unarmed           |    39 |       ||    39
 Fire: Hunting sling     |    45 |    35 ||    80
 Cast: Shock             |    86 |    55 ||   141
       Static Discharge  |     1 |     1 ||     2
       Sublimation of Bl |       |     1 ||     1
  Use: Scroll            |     4 |       ||     4
  Eat: Chunk             |     6 |     3 ||     9
       Fruit             |       |     4 ||     4
